Map: [ESL] Waterfall

Players

TheNovack

  • Race: Protoss Protoss
  • Spawn Location: 7:00

Maplez - Winner!

  • Race: Protoss Protoss
  • Spawn Location: 1:00

Event: DreamHack SC2 Masters 2022 Valencia

VOD

Have the link to the VOD?

Description

Time

  • Played on: July 1, 2022, 2:14 p.m.
  • Length: 4:11

All games in this series

Show
View Real Time Build Order
Export as new Build Order

TheNovack Protoss 

Build Orders: Dark Templar Rush 

Get SALT Encoding   

  12  0:00  Probe  
  13  0:13  Probe  
  14  0:18  Pylon  
  14  0:25  Probe  
  15  0:37  Probe (Chrono Boost)  
  15  0:39  Gateway  
  16  0:48  Probe (Chrono Boost)  
  17  0:52  Assimilator  
  17  0:53  Probe (Chrono Boost)  
  18  1:04  Gateway  
  18  1:09  Assimilator  
  18  1:12  Probe (Chrono Boost)  
  19  1:26  Cybernetics Core  
  19  1:27  Probe (Chrono Boost)  
  20  1:40  Probe  
  20  1:41  Pylon  
  21  1:54  Probe  
  22  2:04  Twilight Council  
  22  2:07  Robotics Facility  
  22  2:10  Adept (Chrono Boost)  
  24  2:20  Shield Battery  
  24  2:27  Warp Gate (Chrono Boost)  
  24  2:28  Pylon  
  24  2:56  Dark Shrine  
  24  3:04  Gateway  
  24  3:08  Shield Battery  
  24  3:09  Pylon  
  24  3:14  Pylon  
  24  3:21  Shield Battery  
  24  3:36  Gateway  
  18  4:08  Stalker  
Show
View Real Time Build Order
Export as new Build Order

Maplez Protoss - Winner!

Build Orders: Oracle Opening 

Get SALT Encoding   

  12  0:00  Probe  
  13  0:12  Probe  
  14  0:17  Pylon  
  14  0:24  Probe (Chrono Boost)  
  16  0:37  Probe (Chrono Boost), Gateway  
  16  0:42  Probe (Chrono Boost)  
  16  0:47  Assimilator  
  17  0:52  Probe  
  17  0:55  Assimilator  
  18  1:04  Probe  
  18  1:10  Gateway  
  19  1:16  Probe  
  20  1:27  Cybernetics Core  
  20  1:28  Probe  
  21  1:36  Pylon  
  21  1:40  Probe  
  22  1:52  Probe  
  23  2:03  Stalker x2  
  27  2:12  Stargate  
  27  2:20  Warp Gate (Chrono Boost), Pylon  
  27  2:28  Probe  
  28  2:42  Stalker  
  32  2:58  Oracle (Chrono Boost)  
  33  3:08  Pylon  
  33  3:14  Adept  
  33  3:15  Adept  
  36  3:38  Pylon  
  39  3:55  Gateway  
  39  4:07  Stalker x2  

Tags
 
Add a new tag
Caveats
  • Supply blocks, unpowered buildings, or Contaminate may cause inaccurate times.
  • Supply counts are checked every 10 seconds.